 Dungeon Crawl Stone Soup version 0.26-a0-810-ge1a9524b62 (webtiles) character file.

Game seed: 1465469469107555292

915 lunkers the Frost Mage (level 8, -1/52 HPs)
             Began as a Barachi Ice Elementalist on Nov 12, 2020.
             Slain by an ice beast (6 damage)
             ... on level 5 of the Dungeon.
             The game lasted 00:11:52 (6433 turns).

lunkers the Frost Mage (Barachi Ice Elementalist)   Turns: 6433, Time: 00:11:52

Health: -1/52      AC: 13    Str: 10    XL:     8   Next: 9%
Magic:  14/16      EV: 12    Int: 17    God:
Gold:   305        SH:  5    Dex: 13    Spells: 7/18 levels left

rFire    . . .     SeeInvis .   a - staff of cold (curse)
rCold    + . .     Faith    .   (no shield)
rNeg     . . .     Spirit   .   s - +0 leather armour (curse)
rPois    .         Reflect  +   q - +0 helmet
rElec    .         Harm     .   f - +0 cloak
rCorr    .         Rampage  .   (no gloves)
MR       .....                  g - +0 pair of boots
Stlth    ++........             u - amulet of reflection
HPRegen  0.17/turn              (no ring)
MPRegen  0.15/turn              (no ring)

@: icy armour, slow
A: +LOS, swims, slowness 1, strong legs 1
a: Hop


You were on level 5 of the Dungeon.
You visited 1 branch of the dungeon, and saw 5 of its levels.

You collected 305 gold pieces.

Inventory:

Hand Weapons
 d - a +2 dagger of venom
Armour
 f - a +0 cloak (worn)
 g - a +0 pair of boots (worn)
 q - a +0 helmet (worn)
 s - a cursed +0 leather armour (worn)
Magical Staves
 a - a cursed staff of cold (weapon)
Jewellery
 u - an amulet of reflection (around neck)
Scrolls
 b - 2 scrolls of amnesia {unknown}
 c - a scroll of magic mapping {unknown}
 j - a scroll of teleportation {unknown}
 k - 2 scrolls of enchant weapon
 o - a scroll of random uselessness {unknown}
 p - 2 scrolls of remove curse {unknown}
 t - 2 scrolls of fog {unknown}
 v - 2 scrolls of identify
Potions
 e - a potion of mutation
 h - 3 potions of lignification
 i - a potion of curing
 l - a potion of magic
 m - a potion of resistance {unknown}
 n - a potion of haste {unknown}
 r - a potion of flight {unknown}
 w - a potion of brilliance {unknown}


   Skills:
 + Level 0.0 Fighting
 - Level 2.1 Dodging
 - Level 1.7 Stealth
 + Level 5.5 Spellcasting
 * Level 10.0 Ice Magic


You had 7 spell levels left.
You knew the following spells:

 Your Spells              Type           Power        Failure   Level
a - Freeze                Ice            ####         1%          1
b - Frozen Ramparts       Ice            ######       1%          3
c - Ozocubu's Armour      Ice            ######..     1%          3
d - Summon Ice Beast      Ice/Summ       ####....     24%         4

Your spell library contained the following spells:

 Spells                   Type           Power        Failure   Level
 Hailstorm                Conj/Ice       ####....     24%         4


Dungeon Overview and Level Annotations

Branches:
Dungeon (5/15)             Temple (0/1) D:5

Altars:
Cheibriados

Shops:
D:4 [!(}   D:5 }

Annotations:
D:4 Menkaure


Innate Abilities, Weirdness & Mutations

You can be seen from farther away. (+LOS)
You can swim through water.
You cover ground slowly.
You can hop short distances.


Message History

Unknown command.
You closely miss the ice beast.
The ice beast is almost dead.
The ice beast hits you but does no damage.
You hit the ice beast but do no damage.
The ice beast is almost dead.
The ice beast barely misses you.
The ice beast hits you but does no damage.
You closely miss the ice beast.
The ice beast is almost dead.
The ice beast hits you.
* * * LOW HITPOINT WARNING * * *
The ice beast freezes you. You resist.
* * * LOW HITPOINT WARNING * * *
You closely miss the ice beast.
The ice beast is almost dead.
The ice beast hits you.
* * * LOW HITPOINT WARNING * * *
The ice beast freezes you. You resist.
You die...

..# #.#.##...#.............#
..# #.#.##.#####+##........#
..# #.#.##.# #.##$.......#
..# #.#.##.# #.##........#
..# #.#.##.# #.##$.......#
..# #.#.##.# #.##........#
..###.#.##.# #.##........#
+#....#.##.#####.##........#
................@Y.......>.#
.#.#<............##........#
.#.#####.#.#......# ....
.#.#.........####.# ##
.#.#.###.#.#.# .# .#.#
..#.#... .# .#.# ...#.#####
## .#.#######.# .#.....(...#


You could see an ice beast.

Vanquished Creatures
  An ice beast (D:5)
  An ogre (D:5)
  2 centaurs (D:5)
  A bullfrog skeleton (D:4)
  3 orc priests (D:4)
  3 orc wizards (D:4)
  4 worker ants
  2 hound skeletons (D:4)
  Robin (D:3)
  A gnoll (D:1)
  5 adders
  3 river rats (D:3)
  An ufetubus (D:5)
  An ooze (D:4)
  An adder skeleton (D:5)
  4 worms
  6 leopard geckos
  19 orcs
  13 giant cockroaches
  16 goblins
  6 hobgoblins
  3 jackals
  10 kobolds
  4 quokkas
  8 bats
  3 frilled lizards
  14 rats
136 creatures vanquished.

Vanquished Creatures (others)
  6 plants (D:1)
6 creatures vanquished.

Grand Total: 142 creatures vanquished

Notes
Turn   | Place    | Note
-------+----------+-------------------------------------------
     0 | D:1      | lunkers the Barachi Ice Elementalist began the quest for
                  | the Orb.
     0 | D:1      | Reached XP level 1. HP: 13/13 MP: 3/3
    59 | D:1      | Reached skill level 5 in Ice Magic
   156 | D:1      | Reached XP level 2. HP: 17/19 MP: 3/5
   554 | D:1      | Reached XP level 3. HP: 22/24 MP: 5/7
  1610 | D:2      | Reached skill level 6 in Ice Magic
  1736 | D:2      | Reached XP level 4. HP: 11/30 MP: 3/8
  2864 | D:3      | Reached XP level 5. HP: 33/35 MP: 5/10
  3346 | D:3      | Reached skill level 7 in Ice Magic
  3356 | D:3      | Learned a level 3 spell: Frozen Ramparts
  3360 | D:3      | Learned a level 3 spell: Ozocubu's Armour
  3365 | D:3      | Learned a level 4 spell: Summon Ice Beast
  3808 | D:3      | Noticed Robin
  3821 | D:3      | Killed Robin
  4304 | D:4      | Reached XP level 6. HP: 29/41 MP: 7/11
  4549 | D:4      | Found a snail-covered altar of Cheibriados.
  4568 | D:4      | Reached skill level 8 in Ice Magic
  4760 | D:4      | Reached XP level 7. HP: 30/46 MP: 7/13
  4775 | D:4      | Found Xaow's Weapon Boutique.
  4775 | D:4      | Found Qoagij's Antique Armour Boutique.
  4782 | D:4      | Found Wacak's Gadget Boutique.
  4782 | D:4      | Found Vefiy's Distillery.
  5107 | D:4      | Noticed Menkaure
  5478 | D:5      | Entered Level 5 of the Dungeon
  5479 | D:5      | Found Paliwuam's Gadget Shop.
  5609 | D:5      | Reached skill level 9 in Ice Magic
  5840 | D:5      | Reached skill level 5 in Spellcasting
  6111 | D:5      | Reached skill level 10 in Ice Magic
  6111 | D:5      | Reached XP level 8. HP: 25/52 MP: 9/16
  6349 | D:5      | Found a staircase to the Ecumenical Temple.
  6433 | D:5      | Slain by an ice beast

Illustrated notes

Levels and vault maps discovered:
D:1:      minmay_arrival_arboretum_small, layout_basic, serial_bayou,
          serial_bayou_pond_b, serial_bayou_pond_a, serial_bayou_pond_d,
          serial_bayou_lagoon_a, moated_statue
D:2:      layout_loops_ring, serial_bayou, serial_bayou_lake_a,
          serial_bayou_pond_a, serial_bayou_crossing, serial_bayou_pond_b,
          minmay_fractal_squares_gapless_5
D:3:      layout_rooms, serial_co_window_serial, co_window_corner_a,
          co_window_paths_b, co_window_paths_b, co_window_paths_a,
          co_window_paths_a, co_window_of_opportunity_b, co_window_paths_c,
          co_window_2corner, co_window_paths_e, glass_columns_a,
          glass_columns_a, glass_columns_c, lightli_sewer_entry_pipes,
          uniq_robin
D:4:      layout_basic, minmay_shop_grid_forest, minmay_misc_feat_four_crosses,
          minmay_ruined_shrine, uniq_menkaure
D:5:      layout_basic, minmay_temple_entry_overgrown, serial_shops, shop_statue

Skill      XL: |  1  2  3  4  5  6  7 |
---------------+----------------------+-----
Ice Magic      | 5 6 7 8 10 | 10.0
Spellcasting   | 3 4 5 |  5.5
Dodging        | |  2.1
Stealth        | |  1.7

Action                   |  1- 3 |  4- 6 |  7- 9 || total
-------------------------+-------+-------+-------++-------
Melee: Dagger            |    10 |    37 |    29 ||    76
       Staff             |       |       |   112 ||   112
 Cast: Freeze            |    56 |    89 |    27 ||   172
       Frozen Ramparts   |       |     5 |     2 ||     7
       Ozocubu's Armour  |       |       |     4 ||     4
  Use: Scroll            |       |       |     6 ||     6
Armor: Robe              |    11 |    25 |       ||    36
       Leather armour    |       |     5 |    65 ||    70
Dodge: Dodged            |    39 |    79 |    91 ||   209
Block: Other             |       |       |    28 ||    28
       Reflection        |       |       |     1 ||     1

Table legend: (Time is in decaauts)
 A = Elapsed time spent in this place.
 B = Non-inter-level travel time spent in this place.
 C = Inter-level travel time spent in this place.
 D = Time resting spent in this place.
 E = Time spent auto-exploring this place.
 F = Levels seen in this place.
 G = Mean time per level.
                   A        B        C        D        E       F      G
               +--------+--------+--------+--------+--------+-----+--------+
         Total |   7020 |   6927 |     93 |    173 |   5531 |   5 | 1404.0 |
       Dungeon |   7020 |   6927 |     93 |    173 |   5531 |   5 | 1404.0 |
               +--------+--------+--------+--------+--------+-----+--------+

Top non-repeatable levels by time:
     D:3: 2014 daAuts
     D:1: 1444 daAuts
     D:2: 1422 daAuts
     D:4: 1087 daAuts
     D:5: 1052 daAuts
